Map: Neon Violet Square LE

Players

Infamous - Winner!

  • Race: Protoss Protoss
  • League: Silver
  • Spawn Location: 5:00

Rick

  • Race: Terran Terran
  • League: Silver
  • Spawn Location: 11:00

VOD

Have the link to the VOD?

Description

Time

  • Played on: March 20, 2018, 9:10 a.m.
  • Length: 8:03
Show
View Real Time Build Order
Export as new Build Order

Infamous Protoss - Winner!

Build Orders: Colossus Rush 

Get SALT Encoding   

  12  0:02  Probe  
  14  0:19  Pylon, Probe  
  14  0:32  Probe (Chrono Boost)  
  15  0:38  Gateway  
  15  0:44  Probe (Chrono Boost)  
  15  0:47  Assimilator  
  16  0:51  Probe (Chrono Boost)  
  17  1:00  Probe  
  18  1:12  Probe  
  19  1:30  Probe  
  19  1:31  Cybernetics Core  
  20  1:33  Assimilator  
  20  1:37  Pylon  
  20  1:38  Zealot  
  22  1:45  Probe  
  23  1:57  Probe  
  24  2:06  Warp Gate (Chrono Boost)  
  24  2:09  Probe  
  25  2:20  Robotics Facility  
  25  2:21  Probe  
  26  2:38  Probe, Pylon  
  27  2:47  Gateway  
  27  2:49  Gateway  
  27  3:01  Probe  
  27  3:02  Shield Battery  
  28  3:09  Observer (Chrono Boost)  
  29  3:18  Twilight Council  
  29  3:25  Probe  
  30  3:29  Pylon  
  30  3:42  Probe  
  31  3:54  Robotics Bay  
  31  3:55  Stalker  
  31  3:56  Stalker x2  
  37  4:15  Immortal (Chrono Boost)  
  41  4:20  Sentry, Zealot  
  45  4:36  Stalker  
  47  5:11  Nexus  
  47  5:14  Pylon  
  47  5:17  Pylon  
  47  5:22  Pylon  
  47  5:25  Pylon  
  47  5:31  Colossus (Chrono Boost)  
  47  5:35  Forge  
  52  5:45  Zealot  
  52  5:46  Zealot  
  56  5:51  Extended Thermal Lance (Chrono Boost)  
  56  6:00  Sentry  
  58  6:05  Probe  
  58  6:08  Protoss Ground Weapons Level 1  
  59  6:17  Probe  
  60  6:25  Gateway x2  
  60  6:29  Probe  
  61  6:37  Probe  
  62  6:41  Probe  
  62  6:48  Zealot x2  
  62  6:52  Probe  
  67  6:55  Disruptor (Chrono Boost)  
  70  7:04  Zealot  
  72  7:12  Probe x2  
  68  7:51  Stalker x2  
  68  7:52  Stalker  
Show
View Real Time Build Order
Export as new Build Order

Rick Terran 

Build Orders: Cyclone Opening 

Get SALT Encoding   

  12  0:02  SCV  
  13  0:20  SCV  
  14  0:21  Supply Depot  
  14  0:40  SCV  
  15  0:49  Barracks  
  15  0:52  Refinery  
  15  0:56  SCV  
  16  0:58  Refinery  
  16  1:09  Supply Depot  
  16  1:13  SCV  
  17  1:25  SCV  
  18  1:44  Barracks Reactor  
  18  1:47  SCV  
  19  1:54  Factory  
  19  1:59  SCV  
  20  2:11  SCV  
  20  2:15  Supply Depot  
  21  2:22  Marine  
  21  2:26  Marine  
  23  2:31  SCV  
  24  2:38  Supply Depot  
  24  2:43  SCV  
  25  2:57  Cyclone  
  28  3:01  Barracks Tech Lab, Cyclone  
  28  3:02  Supply Depot  
  31  3:23  Engineering Bay  
  31  3:33  Cyclone  
  34  3:38  Cyclone  
  37  3:49  Engineering Bay  
  37  4:15  Cyclone  
  40  4:18  Command Center  
  40  4:28  Missile Turret  
  40  4:36  SCV  
  41  4:44  Cyclone  
  44  4:51  Missile Turret  
  44  5:07  Missile Turret  
  44  5:09  Orbital Command  
  44  5:20  Cyclone  
  47  5:28  Missile Turret  
  47  5:35  Refinery  
  47  5:44  SCV  
  48  5:50  SCV  
  48  5:56  SCV  
  50  6:02  SCV  
  51  6:08  SCV  
  51  6:10  Refinery  
  52  6:14  SCV  
  53  6:20  SCV  
  54  6:26  SCV  
  54  6:28  Cyclone  
  54  6:32  SCV  
  59  6:38  SCV  
  60  6:44  SCV  
  61  6:49  Starport  
  61  6:51  SCV  
  62  6:54  Starport  
  62  6:56  SCV  
  63  7:03  SCV  
  63  7:04  Cyclone  
  67  7:09  SCV  
  68  7:21  SCV  
  69  7:26  Starport  
  45  7:39  Marine  
Tags
 
Add a new tag
Caveats
  • Supply blocks, unpowered buildings, or Contaminate may cause inaccurate times.
  • Supply counts are checked every 10 seconds.